 Dungeon Crawl Stone Soup version 0.29-a0-617-g7a6b98fccd (webtiles) character file.

Game seed: 2795195091766985472

209519 wingedge the Impaler (level 19, -5/156 HPs)
             Began as a Human Hunter on June 16, 2022.
             Was an Elder of Okawaru.
             Slain by an azure jelly (10 damage)
             ... on level 4 of the Pits of Slime on June 17, 2022.
             The game lasted 02:38:25 (44882 turns).

wingedge the Impaler (Human Hunter)                Turns: 44882, Time: 02:38:27

Health: -5/156     AC: 22    Str: 31    XL:     19   Next: 54%
Magic:  20/26      EV: 16    Int: 10    God:    Okawaru [****..]
Gold:   34         SH:  0    Dex: 16    Spells: 18/18 levels left

rFire   + + +      SeeInvis .   a - +10 lance "Wyrmbane" {slay drac, rPois rF+ rC+ AC+3}
rCold   + + .      Faith    .   K - +0 kite shield
rNeg    . . .      Spirit   .   U - +8 chain mail of the New World {rPois}
rPois   +          Reflect  +   n - +2 helmet of Weightlessness {Str+4}
rElec   +          Harm     .   f - +2 cloak
rCorr   +          Rampage  .   P - +2 pair of gloves {Dex+3}
Will    ++...                   M - +1 pair of boots "Equnuli" {Str+7 Dex-5}
Stlth   ..........              E - amulet of reflection
HPRegen 0.36/turn               T - ring of resist corrosion
MPRegen 0.20/turn               R - ring "Sedaoth" {rF+ Will+}

@: confused, resistant, heroic, finesse-ful, corroded
A: iridescent scales 1, deformed body, fire resistance 1, screaming 1, strong 1,
devolution 1
}: 1/15 runes: serpentine
a: Renounce Religion, Heroism, Finesse


You were on level 4 of the Pits of Slime.
You worshipped Okawaru.
Okawaru was greatly pleased with you.
You visited 6 branches of the dungeon, and saw 33 of its levels.
You also visited: Volcano.

You collected 2838 gold pieces.
You spent 2804 gold pieces at shops.

Inventory:

Hand Weapons
 a - the +10 lance "Wyrmbane" (weapon) {slay drac, rPois rF+ rC+ AC+3}
   (You bought it in a shop on level 3 of the Dungeon)

   It inflicts extra damage against dragons and draconians.
   AC:        It affects your AC (+3).
   rF:        It protects you from fire.
   rC:        It protects you from cold.
   rPois:     It protects you from poison.
 b - a +2 arbalest of flaming
 B - the +5 quarterstaff of Wounding {vorpal, *Noise rElec rF+++ Str+3}
   (You found it on level 2 of the Snake Pit)

   It inflicts extra damage upon your enemies.
   Str:       It affects your strength (+3).
   rF:        It renders you almost immune to fire.
   rElec:     It insulates you from electricity.
   *Noise:    It may make noises in combat.
 C - a +4 antimagic trident
Armour
 f - a +2 cloak (worn)
 h - +0 acid dragon scales
 n - the +2 helmet of Weightlessness (worn) {Str+4}
   (Okawaru gifted it to you on level 2 of the Pits of Slime)

   Str:       It affects your strength (+4).
 y - a +0 pair of boots of stealth
 K - a +0 kite shield (worn)
 M - the +1 pair of boots "Equnuli" (worn) {Str+7 Dex-5}
   (You found it on level 10 of the Dungeon)

   Str:       It affects your strength (+7).
   Dex:       It affects your dexterity (-5).
 N - a +2 hat of stealth
 P - a +2 pair of gloves of dexterity (worn)
 U - the +8 chain mail of the New World (worn) {rPois}
   (You found it on level 8 of the Dungeon)

   rPois:     It protects you from poison.
Jewellery
 q - a ring of protection from cold
 s - a +6 ring of strength
 t - the ring of the Dolphin {Wiz Int+10}
   (You found it on level 2 of the Snake Pit)

   [ring of wizardry]

   It improves your spell success rate.
   Int:       It affects your intelligence (+10).
 x - a +4 ring of protection
 A - a ring of willpower
 D - a ring of magical power
 E - an amulet of reflection (around neck)
 G - a +4 ring of evasion
 I - a +6 ring of dexterity
 L - an amulet of guardian spirit
 R - the ring "Sedaoth" (right hand) {rF+ Will+}
   (You found it on level 2 of the Snake Pit)

   [ring of willpower]

   rF:        It protects you from fire.
   Will:      It increases your willpower.
 T - a ring of resist corrosion (left hand)
 X - a ring of poison resistance
 Z - a +4 ring of evasion
Wands
 l - a wand of mindburst (6)
 m - a wand of acid (3)
 v - a wand of digging (17)
 w - a wand of polymorph (18)
 Q - a wand of flame (6)
 V - a wand of paralysis (22)
Scrolls
 c - a scroll of immolation
 i - 3 scrolls of poison
 o - a scroll of fear
 p - 5 scrolls of teleportation
 u - 2 scrolls of amnesia
 z - 6 scrolls of enchant weapon
 J - 2 scrolls of fog
 O - 6 scrolls of identify
 W - a scroll of silence
 Y - a scroll of magic mapping
Potions
 d - 6 potions of brilliance
 e - 2 potions of berserk rage
 g - a potion of curing
 k - 3 potions of magic
 r - a potion of might
 H - 4 potions of flight


   Skills:
 * Level 15.6(20.6) Fighting
 + Level 19.0(24.0) Polearms
 - Level 8.0(13.0) Crossbows
 * Level 13.8(18.8) Armour
 + Level 8.6(13.6) Dodging
 - Level 1.0(6.0) Stealth
 * Level 13.7(18.7) Shields
 + Level 9.4 Invocations


You had 18 spell levels left.
You didn't know any spells.
Your spell library contained the following spells:

 Spells                   Type           Power      Damage    Failure   Level
 Magic Dart               Conj           0%         1d3       83%         1
 Slow                     Hex            0%         N/A       83%         1
 Blink                    Tloc           0%         N/A       92%         2
 Poisonous Vapours        Pois/Air       0%         N/A       92%         2
 Scorch                   Fire           0%         2d5       92%         2
 Confusing Touch          Hex            0%         N/A       99%         3
 Conjure Flame            Conj/Fire      0%         6-21      99%         3
 Ignite Poison            Fire/Tmut/Pois 0%         N/A       99%         3
 Mephitic Cloud           Conj/Pois/Air  0%         N/A       99%         3
 Vampiric Draining        Necr           0%         2d6       99%         3
 Cause Fear               Hex            0%         N/A       100%        4
 Corpse Rot               Necr/Pois/Air  0%         N/A       100%        4
 Flame Wave               Conj/Fire      0%         2d4       100%        4
 Hailstorm                Conj/Ice       0%         3d3       100%        4
 Ice Form                 Ice/Tmut       0%         N/A       100%        4
 Passage of Golubria      Tloc           0%         N/A       100%        4
 Sticky Flame             Conj/Fire      0%         2d3       100%        4
 Manifold Assault         Tloc           0%         N/A       100%        5
 Yara's Violent Unravell  Hex/Tmut       0%         3d3       100%        5
 Eringya's Noxious Bog    Tmut/Pois      0%         N/A       100%        6
 Dragon Form              Tmut           0%         N/A       100%        7
 Storm Form               Tmut/Air       0%         N/A       100%        7
 Borgnjor's Revivificati  Necr           0%         N/A       100%        8
 Necromutation            Tmut/Necr      0%         N/A       100%        8
 Chain Lightning          Conj/Air       0%         N/A       100%        9
 Death's Door             Necr           0%         N/A       100%        9
 Fire Storm               Conj/Fire      0%         5d1       100%        9
 Shatter                  Erth           0%         3d5*      100%        9
 Summon Small Mammal      Summ           Unusable   N/A       N/A         1
 Call Imp                 Summ           Unusable   N/A       N/A         2
 Call Canine Familiar     Summ           Unusable   N/A       N/A         3
 Summon Guardian Golem    Hex/Summ       Unusable   N/A       N/A         3
 Tukima's Dance           Hex            Unusable   N/A       N/A         3
 Summon Forest            Summ/Tloc      Unusable   N/A       N/A         5
 Simulacrum               Ice/Necr       Unusable   N/A       N/A         6
 Summon Cactus Giant      Summ           Unusable   N/A       N/A         6
 Summon Hydra             Summ           Unusable   N/A       N/A         7
 Dragon's Call            Summ           Unusable   N/A       N/A         9

Dungeon Overview and Level Annotations

Branches:
Dungeon (15/15)            Temple (1/1) D:5            Lair (6/6) D:10
 Shoals (0/4) Lair:3        Snake (4/4) Lair:3        Slime (5/5) Lair:6
    Orc (2/2) D:12            Elf (0/3) Orc:2        Depths (0/4) D:15
Volcano (visited)
 Vaults: D:13-14

Altars:
Ashenzari
Cheibriados
Dithmenos
Elyvilon
Fedhas
Gozag
Hepliaklqana
Kikubaaqudgha
Makhleb
Nemelex Xobeh
Okawaru
Ru
Sif Muna
Trog
Vehumet
Wu Jian
Xom
Yredelemnul
Zin
The Shining One
Beogh
Jiyva

Shops:
D:3 (   Orc:2 [:((   Snake:1 [   Snake:3 !=   Snake:4 ==:

Annotations:
Snake:1 3 transporters


Innate Abilities, Weirdness & Mutations

You are partially covered in iridescent scales. (AC +2)
Armour fits poorly on your strangely shaped body.
Your flesh is heat resistant. (rF+)
You occasionally shout uncontrollably at your foes.
Your muscles are strong. (Str +4, Int/Dex-1)
You have hidden genetic defects.


Message History

The azure jelly is heavily wounded.
You block the azure jelly's attack.
The azure jelly hits you but does no damage.
You block the azure jelly's attack.
The azure jelly hits you but does no damage.
You closely miss the azure jelly.
The azure jelly is heavily wounded.
You hit the azure jelly.
The azure jelly is heavily wounded.
The golden eye blinks at you.
You easily resist.
The golden eye blinks at you.
You easily resist.
You hit the azure jelly but do no damage.
The azure jelly is heavily wounded.
The golden eye blinks at you.
You are confused.
The azure jelly misses you.
The azure jelly hits you but does no damage.
The azure jelly barely misses you.
The azure jelly hits you but does no damage.
You're too confused to move!
The golden eye blinks at you. You resist with almost no effort.
The golden eye blinks!
The golden eye blinks at you.
You are more confused.
The azure jelly closely misses you. The azure jelly hits you.
* * * LOW HITPOINT WARNING * * *
The azure jelly freezes you. You resist.
* * * LOW HITPOINT WARNING * * *
The azure jelly hits you but does no damage.
The azure jelly closely misses you. The golden eye blinks at you.
You resist with almost no effort. The golden eye blinks at you.
You resist with almost no effort. The azure jelly closely misses you.
The azure jelly hits you!
* * * LOW HITPOINT WARNING * * *
The azure jelly freezes you! You resist.
You die...

...##...#
#####.......
#.#........##
............#
..ยง.........#
..#.........#
...........#
..#...GGJ..#
.......@G..#
..#.........#
............#
..#...#....##
# #.........#
#.........##
..#........#
.......#...#


You could see an azure jelly and 3 golden eyes.

Vanquished Creatures
  2 quicksilver dragons (Snake:4)
  Gastronok (D:10)
  The ghost of Soawkar the Warrior, an adept GrFi of Okawaru (Snake:2)
  7 acid blobs
  3 rockslimes
  6 azure jellies
  5 nagarajas
  Aizul (Arena)
  The ghost of dolemite99 the Blocker, a journeyman GnEE of Dithmenos (Lair:6)
  3 quicksilver oozes
  The ghost of Osanutie the Severer, a journeyman MiBe of Trog (D:14)
  A minotaur (Lair:6)
  Snorg (Lair:5)
  Josephine (D:14)
  2 boulder beetles
  7 salamander tyrants
  9 hydras
  Fannar (D:12)
  Harold (Lair:1)
  4 catoblepae
  6 two-headed ogres
  9 naga warriors
  A centaur warrior (D:14)
  A tengu warrior (D:14)
  8 anacondas
  A dancing weapon (D:14)
  6 orc high priests
  21 naga sharpshooters
  Urug (Orc:2)
  6 death yaks
  A hell knight (Volcano)
  9 shock serpents
  Nergalle (D:12)
  Sonja (D:12)
  5 salamander mystics
  2 sea snakes (Snake:3)
  6 spectral anacondas (Snake:4)
  An anaconda zombie (Snake:4)
  4 anaconda skeletons (Snake:4)
  3 naga ritualists (Snake:4)
  A lindwurm (Lair:4)
  3 orc knights (Orc:2)
  2 deep elf pyromancers (D:8)
  5 cyclopes
  3 manticores
  5 oklob plants
  An orc sorcerer (Orc:1)
  19 ugly things
  3 shining eyes
  9 mana vipers
  23 salamanders
  2 guardian serpents (Snake:4)
  Maurice (D:11)
  23 elephants
  36 black mambas
  2 torpor snails
  16 naga magi
  2 eyes of devastation
  2 gargoyles
  Maggie (D:7)
  A molten gargoyle (Volcano)
  12 cane toads
  2 unseen horrors
  6 rime drakes
  11 komodo dragons
  A spectral salamander (Snake:2)
  4 anaconda simulacra (Snake:4)
  A tengu conjurer (D:14)
  4 trolls
  Prince Ribbit (D:7)
  2 polar bears
  The ghost of samgaumpmail the Covert, a novice SpEn (D:5)
  5 dream sheep (Lair:6)
  15 blink frogs
  Grinder (D:4)
  33 slime creatures
  A spectral black mamba (Snake:2)
  A snapping turtle (Lair:3)
  10 spriggans
  A vampire (D:10)
  6 wraiths
  5 fire bats (Volcano)
  61 yaks
  Grum (D:11)
  5 golden eyes
  4 vampire mosquitoes (D:14)
  9 wyverns
  2 steam dragons
  5 basilisks
  7 wargs
  3 acid dragons
  34 nagas
  Duvessa (D:4)
  14 water moccasins
  The ghost of RepHenryClay the Firebug, an amateur DEFE of Vehumet (D:4)
  An ice beast (D:6)
  3 sky beasts
  A guardian serpent simulacrum (Snake:2)
  42 orc warriors
  3 black bears
  3 black mamba simulacra (Snake:2)
  8 ogres
  26 wolves
  4 centaurs
  4 kobold brigands
  17 bullfrogs
  2 gnoll sergeants
  A salamander simulacrum (Snake:2)
  2 scorpions
  A necrophage (D:7)
  3 wights
  Dowan (D:4)
  2 spectral nagas (Snake:2)
  7 killer bees (D:9)
  10 howler monkeys
  2 electric eels
  6 lava snakes (Volcano)
  2 jellies
  37 orc priests
  2 gnoll shamans
  Crazy Yiuf (D:2)
  Ijyb (D:4)
  5 hounds
  2 iguanas (D:5)
  12 orc wizards
  2 naga simulacra (Snake:2)
  A hound skeleton (D:7)
  35 gnolls
  10 adders
  A shadow imp (D:8)
  3 ufetubi
  6 worms
  3 dart slugs
  81 orcs
  3 bats
  4 endoplasms
  12 goblins
  5 hobgoblins
  3 jackals (D:3)
  13 kobolds
  2 quokkas
  7 ball pythons
  4 frilled lizards
  6 rats
993 creatures vanquished.

Vanquished Creatures (others)
  The ghost of Wiilli the Nimble, a journeyman SpVM of Vehumet (D:12)
  A salamander (Snake:4)
  An orc wizard (D:10)
  An orc (D:8)
  26 fungi
  65 plants
95 creatures vanquished.

Grand Total: 1088 creatures vanquished

Notes
Turn   | Place    | Note
-------+----------+-------------------------------------------
     0 | D:1      | wingedge the Human Hunter began the quest for the Orb.
     0 | D:1      | Reached XP level 1. HP: 16/16 MP: 1/1
   256 | D:1      | Reached XP level 2. HP: 22/22 MP: 2/2
   322 | D:1      | Reached skill level 1 in Armour
   322 | D:1      | Reached XP level 3. HP: 21/28 MP: 3/3
  1190 | D:2      | Reached XP level 4. HP: 34/34 MP: 4/4
  1373 | D:2      | Reached skill level 5 in Crossbows
  1420 | D:2      | Found a runed translucent door.
  1421 | D:2      | Noticed Crazy Yiuf
  1732 | D:2      | Killed Crazy Yiuf
  1733 | D:2      | Reached XP level 5. HP: 31/38 MP: 5/5
  2830 | D:2      | Gained mutation: You have a pair of small horns on your
                  | head. [potion of mutation]
  2830 | D:2      | HP: 2/41 [poisoned by a gnoll]
  3227 | D:3      | Identified the +8 trident of Amorous Valour {flame, Fragile
                  | rElec rC++ Will+}
  3236 | D:3      | Reached XP level 6. HP: 32/47 MP: 6/6
  3390 | D:3      | Found Saphygg's Antique Weapon Emporium.
  3447 | D:3      | Found a glowing silver altar of Zin.
  3577 | D:4      | Found a blossoming altar of Fedhas.
  3591 | D:4      | Reached skill level 1 in Polearms
  3628 | D:4      | Reached skill level 2 in Polearms
  3712 | D:4      | Found a shadowy altar of Dithmenos.
  3715 | D:4      | Noticed an ogre
  3724 | D:4      | Killed an ogre
  3859 | D:4      | Noticed Duvessa
  3859 | D:4      | Noticed Dowan
  3872 | D:4      | Killed Duvessa
  3873 | D:4      | Reached skill level 3 in Polearms
  3873 | D:4      | Reached XP level 7. HP: 44/54 MP: 7/7
  3876 | D:4      | Killed Dowan
  3982 | D:4      | Noticed Ijyb
  3993 | D:4      | Killed Ijyb
  3994 | D:4      | Reached skill level 4 in Polearms
  4218 | D:4      | Noticed Grinder
  4236 | D:4      | Killed Grinder
  4237 | D:4      | Reached skill level 5 in Fighting
  4237 | D:4      | Reached skill level 5 in Polearms
  4237 | D:4      | Reached XP level 8. HP: 47/62 MP: 8/8
  4364 | D:4      | Found a large runed translucent door.
  4365 | D:4      | Found a large runed translucent door.
  4368 | D:4      | Noticed RepHenryClay's ghost (amateur DEFE)
  4375 | D:4      | Killed RepHenryClay's ghost
  4833 | D:5      | Entered Level 5 of the Dungeon
  4844 | D:5      | Reached skill level 6 in Polearms
  5434 | D:5      | Reached XP level 9. HP: 34/69 MP: 4/9
  5838 | D:5      | Found a staircase to the Ecumenical Temple.
  5847 | Temple   | Entered the Ecumenical Temple
  5861 | Temple   | Became a worshipper of Warmaster Okawaru
  5908 | D:5      | Found a runed translucent door.
  5915 | D:5      | Noticed samgaumpmail's ghost (novice SpEn)
  5928 | D:5      | Reached skill level 7 in Polearms
  5943 | D:5      | Killed samgaumpmail's ghost
  6275 | D:6      | Reached skill level 8 in Polearms
  6359 | D:6      | Reached * piety under Okawaru
  6643 | D:6      | Reached skill level 1 in Invocations
  6754 | D:6      | Found an ornate altar of the Wu Jian Council.
  7031 | D:6      | Found a sacrificial altar of Ru.
  7038 | D:6      | Found a sparkling altar of Nemelex Xobeh.
  7038 | D:6      | Found a bloodstained altar of Trog.
  7040 | D:6      | Found a white marble altar of Elyvilon.
  7040 | D:6      | Found a shimmering altar of Xom.
  7040 | D:6      | Found a sacrificial altar of Ru.
  7339 | D:7      | Reached XP level 10. HP: 73/79 MP: 11/11
  7493 | D:7      | Noticed Maggie
  7503 | D:7      | Killed Maggie
  7503 | D:7      | Reached ** piety under Okawaru
  7683 | D:7      | Reached skill level 9 in Polearms
  7710 | D:7      | Found a glowing golden altar of the Shining One.
  7711 | D:7      | Found a white marble altar of Elyvilon.
  7812 | D:7      | Noticed Prince Ribbit
  7822 | D:7      | Killed Prince Ribbit
  8105 | D:7      | Found a burning altar of Makhleb.
  8414 | D:8      | Identified the +8 chain mail of the New World {rPois}
  8676 | D:8      | Found a sacrificial altar of Ru.
  8677 | D:8      | Found a shimmering blue altar of Sif Muna.
  8678 | D:8      | Found a glowing silver altar of Zin.
  8678 | D:8      | Found a glowing golden altar of the Shining One.
  8714 | D:8      | Found an ornate altar of the Wu Jian Council.
  8716 | D:8      | Noticed a two-headed ogre
  8730 | D:8      | Killed a two-headed ogre
  8730 | D:8      | Reached *** piety under Okawaru
  9065 | D:8      | Reached skill level 5 in Armour
  9071 | D:8      | Reached skill level 10 in Polearms
  9077 | D:8      | Reached skill level 5 in Dodging
  9189 | D:8      | Reached **** piety under Okawaru
  9190 | D:8      | Reached XP level 11. HP: 77/86 MP: 14/14
  9251 | D:8      | Noticed a deep elf pyromancer
  9252 | D:8      | Noticed a deep elf pyromancer
  9258 | D:8      | Killed a deep elf pyromancer
  9263 | D:8      | Killed a deep elf pyromancer
  9656 | D:8      | Noticed a cyclops
  9672 | D:8      | Killed a cyclops
  9702 | D:8      | Found an ancient bone altar of Kikubaaqudgha.
  9883 | D:8      | Found a sparkling altar of Nemelex Xobeh.
 10022 | D:9      | Reached skill level 11 in Polearms
 10186 | D:9      | Noticed a two-headed ogre
 10192 | D:9      | Killed a two-headed ogre
 10192 | D:9      | Reached ***** piety under Okawaru
 10313 | D:9      | Found a shimmering blue altar of Sif Muna.
 10654 | D:9      | Found a bloodstained altar of Trog.
 10819 | D:9      | Found a snail-covered altar of Cheibriados.
 11025 | D:9      | Reached skill level 1 in Shields
 11376 | D:10     | Entered Level 10 of the Dungeon
 11420 | D:10     | Noticed a two-headed ogre
 11437 | D:10     | Killed a two-headed ogre
 11823 | D:10     | Noticed Gastronok
 11825 | D:10     | Identified the +1 pair of boots "Equnuli" {Str+7 Dex-5}
 11848 | D:10     | Killed Gastronok
 11849 | D:10     | Reached XP level 12. HP: 65/95 MP: 10/15
 12001 | D:10     | Found a staircase to the Lair.
 12028 | D:10     | Received a gift from Okawaru
 12132 | D:10     | Identified the +4 whip of the Muttering Coward {drain,
                  | rElec Str-4 Dex+2}
 12188 | D:10     | Noticed a two-headed ogre
 12195 | D:10     | Killed a two-headed ogre
 12428 | D:11     | Noticed Grum
 12428 | D:11     | Noticed a five-headed hydra
 12482 | D:10     | Reached skill level 12 in Polearms
 12492 | D:10     | Noticed a two-headed ogre
 12503 | D:10     | Killed a two-headed ogre
 12565 | D:10     | Identified the +4 hunting sling "Cedahixt" {vorpal, rF+ rC+
                  | SInv Stlth+}
 12642 | D:10     | Reached skill level 5 in Shields
 12767 | Lair:1   | Entered Level 1 of the Lair of Beasts
 12785 | Lair:1   | Noticed Harold
 12802 | Lair:1   | Killed Harold
 13347 | Lair:1   | Identified the +0 hand crossbow "Heusam" {flame, rN++ Dex-3
                  | Stlth+} (Okawaru gifted it to you on level 1 of the Lair of
                  | Beasts)
 13347 | Lair:1   | Received a gift from Okawaru
 13705 | Lair:1   | Reached XP level 13. HP: 83/103 MP: 14/16
 13810 | Lair:2   | Reached skill level 13 in Polearms
 13821 | Lair:2   | Reached skill level 10 in Fighting
 13828 | Lair:2   | Noticed an eight-headed hydra
 13837 | Lair:2   | Killed an eight-headed hydra
 14047 | Lair:2   | Noticed a six-headed hydra
 14055 | Lair:2   | Killed a six-headed hydra
 14523 | Lair:2   | Reached ****** piety under Okawaru
 14778 | Lair:2   | Noticed a four-headed hydra
 14784 | Lair:2   | Killed a four-headed hydra
 14961 | Lair:2   | Noticed a boulder beetle
 15000 | Lair:2   | Killed a boulder beetle
 15294 | Lair:3   | Reached skill level 14 in Polearms
 15304 | Lair:3   | Found a staircase to the Snake Pit.
 15343 | Lair:3   | Received a gift from Okawaru
 15560 | Lair:3   | Reached XP level 14. HP: 85/111 MP: 14/17
 16233 | Lair:3   | Found a staircase to the Shoals.
 16458 | Lair:4   | Found a shimmering blue altar of Sif Muna.
 16584 | Lair:4   | Received a gift from Okawaru
 16873 | Lair:4   | Found a dark tunnel.
 16921 | Volcano  | Entered a volcano
 17174 | Volcano  | Found a bloodstained altar of Trog.
 18094 | Lair:5   | Reached skill level 5 in Invocations
 18537 | Lair:5   | Reached skill level 10 in Shields
 18541 | Lair:5   | Reached skill level 15 in Polearms
 18776 | Lair:5   | Received a gift from Okawaru
 18980 | Lair:5   | Noticed Snorg
 18994 | Lair:5   | Killed Snorg
 19462 | Lair:6   | Entered Level 6 of the Lair of Beasts
 19787 | Lair:5   | Reached XP level 15. HP: 65/119 MP: 10/19
 20294 | Lair:6   | Noticed dolemite99's ghost (journeyman GnEE)
 20331 | Lair:6   | Reached skill level 10 in Armour
 20374 | Lair:6   | Found a runed translucent gate.
 20374 | Lair:6   | Found a runed translucent gate.
 20374 | Lair:6   | Found a runed translucent gate.
 20614 | Lair:6   | Killed dolemite99's ghost
 21152 | Lair:6   | Reached skill level 16 in Polearms
 21334 | Lair:6   | Found a staircase to the Slime Pits.
 21334 | Lair:6   | Found a viscous altar of Jiyva.
 21552 | Lair:6   | Received a gift from Okawaru
 22206 | Slime:1  | Entered Level 1 of the Pits of Slime
 22206 | Slime:1  | Noticed a quicksilver ooze
 22471 | D:11     | Noticed Maurice
 22528 | D:11     | Killed Maurice
 22682 | D:11     | Killed Grum
 23463 | D:12     | Identified the +10 long sword "Pempoz" {flame, *Rage rN+
                  | Str+4 Dex+5}
 23485 | D:12     | You fall into a shaft and drop 3 floors!
 23485 | D:15     | Entered Level 15 of the Dungeon
 23504 | D:15     | Reached XP level 16. HP: 129/129 MP: 20/20
 23709 | D:14     | Noticed Josephine
 23722 | D:14     | Killed Josephine
 23784 | D:14     | Found a broken altar of Ashenzari.
 24141 | D:14     | Found a runed translucent door.
 24141 | D:14     | Found a shimmering altar of Xom.
 24141 | D:14     | Noticed Osanutie's ghost (journeyman MiBe)
 24254 | D:14     | Killed Osanutie's ghost
 24323 | D:14     | Received a gift from Okawaru
 24324 | D:14     | Reached skill level 17 in Polearms
 24424 | D:12     | Found a runed translucent gate.
 24426 | D:12     | Found a runed translucent gate.
 24426 | D:12     | Found a runed translucent gate.
 24429 | D:12     | Noticed Wiilli's ghost (journeyman SpVM)
 24498 | D:12     | Identified the +1 robe of the Land of Plenty {+Blink rElec
                  | rC+ Will+}
 24573 | D:12     | Killed Wiilli's ghost
 24898 | D:12     | Noticed Sonja
 24912 | D:12     | Killed Sonja
 25047 | D:12     | Found a staircase to the Orcish Mines.
 25047 | D:12     | Noticed Nergalle
 25062 | D:12     | Killed Nergalle
 25522 | D:12     | Noticed Fannar
 25538 | D:12     | Killed Fannar
 25667 | Orc:1    | Entered Level 1 of the Orcish Mines
 26039 | Orc:2    | Entered Level 2 of the Orcish Mines
 26695 | Orc:2    | Found a staircase to the Elven Halls.
 26912 | Orc:2    | Noticed Urug
 26924 | Orc:2    | Killed Urug
 27470 | Orc:2    | Received a gift from Okawaru
 27914 | Orc:2    | Found Houqop's Book Shop.
 27914 | Orc:2    | Found Saawnus Osiv's Armour Shop.
 27915 | Orc:2    | Found Midd's Weapon Shop.
 27915 | Orc:2    | Found Oqeacw's Antique Weapon Boutique.
 28309 | D:3      | Bought the +8 lance "Wyrmbane" {slay drac, rPois rF+ rC+
                  | AC+3} for 1939 gold pieces
 28309 | D:3      | Found the +8 lance "Wyrmbane" {slay drac, rPois rF+ rC+
                  | AC+3}
 28511 | Snake:1  | Entered Level 1 of the Snake Pit
 28511 | Snake:1  | Noticed Aizul
 28528 | Arena    | Entered the Arena
 28553 | Arena    | Killed Aizul
 28615 | Snake:1  | Reached XP level 17. HP: 60/137 MP: 8/21
 29428 | Snake:1  | Found a transporter.
 29563 | Snake:1  | Found a transporter.
 29571 | Snake:1  | Found a transporter.
 29679 | Snake:1  | Identified the +1 spear of the Ten Nightingales {drain,
                  | Str+5 Int+7} (Okawaru gifted it to you on level 1 of the
                  | Snake Pit)
 29679 | Snake:1  | Received a gift from Okawaru
 29934 | Snake:1  | Found a transporter.
 29937 | Snake:1  | Found a transporter.
 29941 | Snake:1  | Found a transporter.
 29949 | Snake:1  | Found Niogg's Antique Armour Boutique.
 29956 | Snake:1  | Bought a pitted scale mail for 360 gold pieces
 29956 | Snake:1  | Identified the +6 scale mail of Nemelex Xobeh {Slay+2
                  | Stlth+} (You bought it in a shop on level 1 of the Snake
                  | Pit)
 31794 | Snake:2  | Reached skill level 18 in Polearms
 32943 | Snake:2  | Found a runed translucent gate.
 32943 | Snake:2  | Found a runed translucent gate.
 32944 | Snake:2  | Found a runed translucent gate.
 32946 | Snake:2  | Noticed Soawkar's ghost (adept GrFi)
 33057 | Snake:2  | Killed Soawkar's ghost
 33094 | Snake:2  | Identified the ring of the Dolphin {Wiz Int+10}
 33096 | Snake:2  | Identified the ring "Sedaoth" {rF+ Will+}
 33107 | Snake:2  | Identified the +5 quarterstaff of Wounding {vorpal, *Noise
                  | rElec rF+++ Str+3}
 33789 | Snake:3  | Received a gift from Okawaru
 34269 | Snake:3  | Found Qappaeh's Jewellery Shop.
 34277 | Snake:3  | Found Waxelito's Distillery.
 34286 | Snake:3  | Bought a potion of haste for 150 gold pieces
 34286 | Snake:3  | Bought a potion of heal wounds for 75 gold pieces
 34443 | Snake:2  | Upgraded the game from 0.29-a0-613-gf2c431b9b9 to
                  | 0.29-a0-617-g7a6b98fccd
 35555 | Snake:3  | Reached XP level 18. HP: 134/147 MP: 23/23
 35735 | Snake:4  | Entered Level 4 of the Snake Pit
 36651 | Snake:4  | Received a gift from Okawaru
 36794 | Arena    | Entered the Arena
 39344 | Snake:4  | Found Robitup's Book Shop.
 39344 | Snake:4  | Found Pafyr's Jewellery Shoppe.
 39345 | Snake:4  | Found Hyoggogh's Jewellery Shoppe.
 39523 | Arena    | Entered the Arena
 39602 | Snake:4  | Reached skill level 15 in Fighting
 40063 | Snake:4  | Received a gift from Okawaru
 40455 | Snake:4  | Noticed a quicksilver dragon
 40455 | Snake:4  | Noticed a quicksilver dragon
 40467 | Snake:4  | Killed a quicksilver dragon
 40485 | Snake:4  | Killed a quicksilver dragon
 40492 | Snake:4  | Got a serpentine rune of Zot
 40679 | Snake:3  | Bought a ring of resist corrosion for 280 gold pieces
 40924 | Slime:1  | Reached XP level 19. HP: 145/155 MP: 25/25
 40930 | Slime:1  | Gained mutation: Your body sometimes deteriorates upon
                  | taking damage. [a shining eye]
 40931 | Slime:1  | Gained mutation: You are dopey. (Int -2) [a shining eye]
 41514 | Slime:1  | Lost mutation: You have a pair of small horns on your head.
                  | [potion of mutation]
 41514 | Slime:1  | Lost mutation: Your body sometimes deteriorates upon taking
                  | damage. [potion of mutation]
 41514 | Slime:1  | Lost mutation: You are dopey. (Int -2) [potion of mutation]
 41514 | Slime:1  | Gained mutation: Your flesh is heat resistant. (rF+)
                  | [potion of mutation]
 41514 | Slime:1  | Gained mutation: Your spells are a little harder to cast,
                  | but a little more powerful. [potion of mutation]
 42556 | Slime:2  | Identified the +2 helmet of Weightlessness {Str+4} (Okawaru
                  | gifted it to you on level 2 of the Pits of Slime)
 42556 | Slime:2  | Received a gift from Okawaru
 42632 | Arena    | Entered the Arena
 42632 | Arena    | Gained mutation: Your magical capacity is low. (-10% MP) [a
                  | shining eye]
 42634 | Arena    | Gained mutation: You have hidden genetic defects. [a
                  | shining eye]
 43811 | Slime:5  | Entered Level 5 of the Pits of Slime
 44639 | Slime:5  | Gained mutation: You occasionally shout uncontrollably at
                  | your foes. [a shining eye]
 44644 | Slime:5  | Gained mutation: You sometimes lose the ability to read
                  | scrolls when taking damage. [a shining eye]
 44647 | Slime:5  | Lost mutation: Your magical capacity is low. (-10% MP)
                  | [potion of mutation]
 44647 | Slime:5  | Lost mutation: You sometimes lose the ability to read
                  | scrolls when taking damage. [potion of mutation]
 44647 | Slime:5  | Gained mutation: You sometimes lose the ability to read
                  | scrolls when taking damage. [potion of mutation]
 44648 | Slime:5  | Lost mutation: Your spells are a little harder to cast, but
                  | a little more powerful. [potion of mutation]
 44648 | Slime:5  | Lost mutation: You sometimes lose the ability to read
                  | scrolls when taking damage. [potion of mutation]
 44648 | Slime:5  | Gained mutation: You are partially covered in iridescent
                  | scales. (AC +2) [potion of mutation]
 44648 | Slime:5  | Gained mutation: Your muscles are strong. (Str +4,
                  | Int/Dex-1) [potion of mutation]
 44649 | Slime:5  | Gained mutation: Armour fits poorly on your strangely
                  | shaped body. [hidden defects]
 44753 | Slime:5  | Found a viscous altar of Jiyva.
 44756 | Slime:5  | Found the ring of the Octopus King
 44797 | Slime:5  | Reached skill level 19 in Polearms
 44882 | Slime:4  | HP: 5/156 [azure jelly (7)]
 44882 | Slime:4  | Slain by an azure jelly

Illustrated notes

Levels and vault maps discovered:
D:1:      dpeg_arrival_tiny_a, layout_basic, chequers_serial_rivers_small_3,
          serial_bayou_lagoon_a
D:2:      layout_basic, minmay_pentomino_q4, uniq_crazy_yiuf_cottage
D:3:      layout_rooms, zin_treasury, serial_shops, nicolae_square_shop
D:4:      layout_loops_corners, nicolae_dithmenos_shadow_blocks,
          mainiacjoe_overflow_brackets, ebering_ghost_disaster_area,
          uniq_duvessa, uniq_grinder, uniq_ijyb
D:5:      layout_loops_ring, temple_statues, ebering_ghost_sewer_d, minmay_holes
D:6:      layout_rooms, nzn_wu_jian_contemplation, doesnt_xom_only_xom
D:7:      layout_gridville, makhleb_blood_cavern_becter,
          nicolae_overflow_squiral, uniq_prince_ribbit1, uniq_maggie
D:8:      minmay_the_grid_octo_tiled_squarecenter
          [minmay_the_grid_octo_vomiting_pacman, minmay_the_grid_octo_checkered,
          minmay_the_grid_octo_77, minmay_the_grid_octo_shrine,
          minmay_the_grid_square_5x5_megaprize_diamond,
          minmay_the_grid_square_5x5_three_small,
          minmay_the_grid_square_5x5_seven, minmay_the_grid_square_5x5_inner_v,
          minmay_the_grid_square_5x5_three_walls], layout_basic,
          mainiacjoe_overflow_tiny_flanked, mainiacjoe_overflow_six_doors_small,
          minmay_sticks_and_stones
D:9:      layout_layer_cave, lemuel_round_altar, mainiacjoe_overflow_chevrons,
          kennysheep_slug_shrine
D:10:     kb_forest_paths, layout_small_grid, uniq_gastronok
D:11:     layout_cave_pods, uniq_maurice, uniq_grum
D:12:     layout_loops_ring, erik_orc_3, biasface_ghost_orc_armoury,
          uniq_nergalle, uniq_sonja, uniq_fannar
D:13:     layout_layer_cave, ximxim_vaults_locker_room, serial_shops,
          bzr_entry_islet
D:14:     minmay_goldmine, layout_basic, evilmike_ruin_ashenzari,
          ebering_ghost_xom, uniq_josephine
D:15:     gammafunk_enter_depths_forms, layout_irregular_city, uniq_roxanne
Temple:   compressed_dpeg_triangle_lava_temple
Lair:1:   layout_roguey, serial_bayou_pond_d, uniq_harold
Lair:2:   nzn_winding_woodlands_stair_cross
          [nzn_winding_woodlands_5x15_pathside_ponds,
          nzn_winding_woodlands_center_triple_pond,
          nzn_winding_woodlands_5x15_cabin,
          nzn_winding_woodlands_5x5_closed_star,
          nzn_winding_woodlands_5x5_default, nzn_winding_woodlands_5x15_default,
          nzn_winding_woodlands_center_pierced_h,
          nzn_winding_woodlands_5x15_zeroes], layout_regular_city
Lair:3:   layout_cave_pods, minmay_shoals_entry_hut,
          minmay_snake_entry_guardpost_medium, grunt_forest_large_clearing_hut,
          lemuel_fruit_tree
Lair:4:   layout_hall_layers, nicolae_volcano_entry_vermiform,
          lemuel_oklob_altar
Lair:5:   minmay_lair_oklob_tunnel, layout_regular_city, serial_rivers,
          chequers_serial_rivers_small_a, chequers_serial_rivers_small_3,
          chequers_serial_rivers_micro_a, chequers_serial_rivers_room_a,
          chequers_serial_rivers_micro_d, chequers_serial_rivers_micro_c,
          uniq_snorg
Lair:6:   evilmike_catoblepas_cave, layout_misc_corridors, slime_altar_1,
          maelrawn_ghost_gauntlet_escape
Snake:1:  nicolae_snakescales, layout_rooms, serial_shops, nicolae_shop_trees,
          nicolae_snake_double_loop, serial_nicolae_subway,
          nicolae_sub_station_crystal, nicolae_sub_station_stone,
          nicolae_sub_station_metal, uniq_aizul
Snake:2:  layout_layer_cave, gammafunk_ghost_necromancy, st_stairs_4, drop_trap,
          nicolae_snake_shapes
Snake:3:  layout_grid_shapes, grunt_megastairs_3, minmay_shoptagon,
          serial_bayou_shore_a
Snake:4:  hellmonk_snake_rune_quicksilver_temple, layout_onion,
          nicolae_snake_dead_anacondas, minmay_shop_grove, grunt_megastairs_4
Slime:1:  layout_caves
Slime:2:  layout_caves
Slime:3:  layout_caves
Slime:4:  layout_caves
Slime:5
Orc:1:    layout_caves
Orc:2:    st_orc_pillars, layout_caves, uniq_urug

Skill      XL: |  1  2  3  4  5  6  7  8  9 10 11 12 13 14 15 16 17 18 19 |
---------------+----------------------------------------------------------+-----
Armour         | 1 2 3 5 6 7 8 9 10 11 12 13 | 13.8
Crossbows      | 5 7 8 |  8.0
Fighting       | 3 4 5 7 8 9 10 11 12 13 14 15 | 15.6
Polearms       | 3 5 6 8 10 11 12 14 15 16 17 18 19 | 19.0
Dodging        | 3 5 6 7 8 |  8.6
Invocations    | 2 4 5 6 7 8 9 |  9.4
Shields        | 2 6 8 10 11 12 13 | 13.7
Stealth        | |  1.0

Action                   |  1- 3 |  4- 6 |  7- 9 | 10-12 | 13-15 | 16-18 | 19-21 || total
-------------------------+-------+-------+-------+-------+-------+-------+-------++-------
Melee: Trident           |       |    41 |   221 |   462 |  1294 |   658 |       ||  2676
       Headbutt          |       |     2 |    30 |    85 |   384 |   588 |    24 ||  1113
       Punch             |       |     1 |     3 |     3 |       |       |       ||     7
       Lance             |       |       |       |       |       |  1585 |   455 ||  2040
 Fire: Hand crossbow     |    86 |   120 |       |       |       |    12 |       ||   218
Throw: Boomerang         |       |       |       |       |     2 |       |       ||     2
Invok: Heroism           |       |       |       |     4 |     8 |    14 |     4 ||    30
       Finesse           |       |       |       |       |     5 |    12 |     2 ||    19
       Duel              |       |       |       |       |       |     3 |     1 ||     4
Evoke: Wand              |       |       |       |       |     4 |       |     1 ||     5
  Use: Potion            |       |     3 |       |     3 |    10 |    18 |    12 ||    46
       Scroll            |       |     1 |     6 |     6 |     8 |    11 |     6 ||    38
 Stab: Sleeping          |       |       |     4 |       |       |     1 |       ||     5
       Distracted        |       |       |     2 |       |       |       |       ||     2
Armor: Scale mail        |    12 |    38 |    16 |       |       |    72 |       ||   138
       Skin              |       |     6 |       |       |       |       |       ||     6
       Robe              |       |       |    29 |       |       |       |       ||    29
       Chain mail        |       |       |       |   210 |   569 |   552 |   205 ||  1536
       Swamp dragon scal |       |       |       |    13 |       |       |       ||    13
Dodge: Dodged            |    13 |    51 |    93 |   189 |   579 |   608 |   128 ||  1661
Block: Kite shield       |       |       |       |    94 |   706 |  1196 |   333 ||  2329
       Reflection        |       |       |       |       |       |    82 |     6 ||    88

Table legend: (Time is in decaauts)
 A = Elapsed time spent in this place.
 B = Non-inter-level travel time spent in this place.
 C = Inter-level travel time spent in this place.
 D = Time resting spent in this place.
 E = Time spent auto-exploring this place.
 F = Levels seen in this place.
 G = Mean time per level.
                   A        B        C        D        E       F      G
               +--------+--------+--------+--------+--------+-----+--------+
         Total |  43432 |  41826 |   1606 |  13583 |  19436 |  38 | 1142.9 |
       Dungeon |  16306 |  15574 |    732 |   3646 |   8518 |  15 | 1087.1 |
        Temple |     28 |     28 |      0 |      0 |      0 |   1 |   28.0 |
          Lair |   8660 |   8102 |    558 |   1479 |   4820 |   6 | 1443.3 |
     Snake Pit |  11452 |  11267 |    185 |   5445 |   3723 |   4 | 2863.0 |
    Slime Pits |   3815 |   3736 |     79 |   2217 |    886 |   5 |  763.0 |
  Orcish Mines |   2346 |   2296 |     50 |    511 |   1284 |   2 | 1173.0 |
       Volcano |    729 |    729 |      0 |    263 |    204 |   1 |  729.0 |
         Arena |     92 |     92 |      0 |     21 |      0 |   4 |   23.0 |
               +--------+--------+--------+--------+--------+-----+--------+

Top non-repeatable levels by time:
 Snake:3: 3519 daAuts
 Snake:2: 3092 daAuts
 Snake:4: 2591 daAuts
 Snake:1: 2249 daAuts
  Lair:5: 2043 daAuts
   Orc:2: 1975 daAuts
     D:2: 1921 daAuts
  Lair:6: 1918 daAuts
  Lair:2: 1538 daAuts
     D:8: 1531 daAuts
    D:12: 1438 daAuts
    D:10: 1430 daAuts
     D:5: 1420 daAuts
     D:9: 1394 daAuts
     D:7: 1332 daAuts
